3A
IDAHO FALLS CHUKARS @ KENNESAW JETS
06/03/2038
 
TOP OF THE 1ST
Idaho Falls Chukars batting - Pitching for Kennesaw Jets : LHP Tim Tate
Pitching: LHP Tim Tate
Batting: SHB Lucky Foote 0-0: Bunt for hit to 13 - play at first, batter safe!
Batting: RHB Javier Botín 0-0: Ball
1-0: Foul Ball, location: 2F
1-1: Hit by Pitch
Lucky Foote to second
Batting: RHB Vinnie Nuyten 0-0: Called Strike
0-1: Foul Ball, location: 2F
0-2: Foul Ball, location: 2F
0-2: Strikes out looking
Batting: SHB Koryusai Ohayashi 0-0: Ball
1-0: Ball
2-0: Grounds into double play, 6-4-3 (Groundball, 6, EV 101.9 MPH)
Top of the 1st over - 0 runs, 1 hit, 0 errors, 1 left on base; Idaho Falls 0 - Kennesaw 0
BOTTOM OF THE 1ST
Kennesaw Jets batting - Pitching for Idaho Falls Chukars : RHP Emerson Horton
Pitching: RHP Emerson Horton
Batting: RHB Manuel Vallejo 0-0: Ball
1-0: Foul Ball, location: 2F
1-1: Ball
2-1: DOUBLE (Line Drive, 89D, EV 105.0 MPH)
Batting: RHB Sasha Orlovsky 0-0: Called Strike
0-1: Ball
1-1: Ball
2-1: Foul Ball, location: 2F
2-2: Ground out 6-3 (Groundball, 6, EV 83.8 MPH)
Manuel Vallejo to third
Batting: SHB Obke Preesman 0-0: SINGLE (Groundball, 34D, EV 100.6 MPH)
Manuel Vallejo scores
Batting: RHB Bras Castanheta 0-0: SINGLE (Flyball, 89S, EV 90.6 MPH)
Obke Preesman to second
Batting: RHB Andy Combs 0-0: Called Strike
0-1: Foul Ball, location: 2F
0-2: Fly out, F6 (Popup, 56D, EV 49.4 MPH)
Batting: RHB Scipione Borghese 0-0: Fly out, F3 (Popup, 3SF, EV 78.8 MPH)
Bottom of the 1st over - 1 run, 3 hits, 0 errors, 2 left on base; Idaho Falls 0 - Kennesaw 1
TOP OF THE 2ND
Idaho Falls Chukars batting - Pitching for Kennesaw Jets : LHP Tim Tate
Batting: LHB Doyle Berkey 0-0: Foul Ball, location: 2F
0-1: Called Strike
0-2: SINGLE (Flyball, 89M, EV 91.2 MPH)
Batting: RHB Poom Saksansin 0-0: Ball
1-0: SINGLE (Groundball, 6MD, EV 105.6 MPH)
Doyle Berkey to second
Batting: LHB Josh Wiggins 0-0: Ball
1-0: Foul Ball, location: 2F
1-1: Fly out, F8 (Line Drive, 8RM, EV 97.5 MPH)
Batting: RHB Jon Walker 0-0: Foul Ball, location: 2F
0-1: Called Strike
Doyle Berkey is caught stealing 3rd base 2-5
0-2: Ball
1-2: Foul Ball, location: 2F
1-2: Foul Ball, location: 2F
1-2: Strikes out swinging
Top of the 2nd over - 0 runs, 2 hits, 0 errors, 1 left on base; Idaho Falls 0 - Kennesaw 1
BOTTOM OF THE 2ND
Kennesaw Jets batting - Pitching for Idaho Falls Chukars : RHP Emerson Horton
Batting: LHB Robert Dawson 0-0: Called Strike
0-1: Ball
1-1: Called Strike
1-2: Ball
2-2: Ball
3-2: Foul Ball, location: 2F
3-2: Fly out, F9 (Flyball, 9LSF, EV 98.1 MPH)
Batting: LHB Matt Mullen 0-0: Ball
1-0: Ball
2-0: Ball
3-0: Base on Balls
Batting: RHB Cees Spaan 0-0: Ball
1-0: Grounds into double play, 6-4-3 (Groundball, 6S, EV 90.6 MPH)
Bottom of the 2nd over - 0 runs, 0 hits, 0 errors, 0 left on base; Idaho Falls 0 - Kennesaw 1
TOP OF THE 3RD
Idaho Falls Chukars batting - Pitching for Kennesaw Jets : LHP Tim Tate
Batting: RHB Ted Murphy 0-0: SINGLE (Line Drive, 56D, EV 95.6 MPH)
Batting: SHB Lucky Foote 0-0: Ball
1-0: Foul Ball, location: 2F
1-1: Fly out, F8 (Flyball, 8RD, EV 100.0 MPH)
Batting: RHB Javier Botín 0-0: Fly out, F7 (Flyball, 7, EV 95.0 MPH)
Batting: RHB Vinnie Nuyten 0-0: Swinging Strike
0-1: Ball
Wild Pitch!
Ted Murphy to second
1-1: Ball
2-1: Ball
3-1: DOUBLE (Groundball, 3L, EV 97.5 MPH)
Ted Murphy scores
Batting: SHB Koryusai Ohayashi 0-0: Foul Ball, location: 2F
0-1: Swinging Strike
0-2: Foul Ball, location: 2F
0-2: Foul Ball, location: 2F
0-2: Ground out 5-3 (Groundball, 56, EV 103.1 MPH)
Top of the 3rd over - 1 run, 2 hits, 0 errors, 1 left on base; Idaho Falls 1 - Kennesaw 1
BOTTOM OF THE 3RD
Kennesaw Jets batting - Pitching for Idaho Falls Chukars : RHP Emerson Horton
Batting: RHB Manuel Vallejo 0-0: Ball
1-0: Foul Ball, location: 2F
1-1: SINGLE (Flyball, 78S, EV 95.0 MPH)
Batting: RHB Sasha Orlovsky 0-0: Fly out, F8 (Line Drive, 8LM, EV 100.0 MPH)
Batting: SHB Obke Preesman 0-0: Called Strike
0-1: Ball
1-1: Ball
2-1: Ball
3-1: Foul Ball, location: 2F
3-2: Strikes out looking
Manuel Vallejo steals 2nd base
Batter strikes out.
Batting: RHB Bras Castanheta 0-0: Ball
1-0: Called Strike
1-1: Ground out 5-3 (Groundball, 56, EV 100.6 MPH)
Bottom of the 3rd over - 0 runs, 1 hit, 0 errors, 1 left on base; Idaho Falls 1 - Kennesaw 1
TOP OF THE 4TH
Idaho Falls Chukars batting - Pitching for Kennesaw Jets : LHP Tim Tate
Batting: LHB Doyle Berkey 0-0: SINGLE (Line Drive, 4M, EV 95.0 MPH)
Batting: RHB Poom Saksansin 0-0: Ball
1-0: Ball
2-0: Foul Ball, location: 2F
2-1: Called Strike
2-2: Foul Ball, location: 2F
2-2: Foul Ball, location: 2F
2-2: Ball
3-2: Fly out, F8 (Flyball, 8RD, EV 86.2 MPH)
Batting: LHB Josh Wiggins 0-0: Called Strike
0-1: Ball
1-1: Foul Ball, location: 2F
1-2: Strikes out swinging
Batting: RHB Jon Walker 0-0: Ball
1-0: Swinging Strike
1-1: Swinging Strike
1-2: Ball
2-2: Ground out 4-3 (Groundball, 34, EV 100.0 MPH)
Top of the 4th over - 0 runs, 1 hit, 0 errors, 1 left on base; Idaho Falls 1 - Kennesaw 1
BOTTOM OF THE 4TH
Kennesaw Jets batting - Pitching for Idaho Falls Chukars : RHP Emerson Horton
Batting: RHB Andy Combs 0-0: Ball
1-0: Swinging Strike
1-1: Fly out, F8 (Line Drive, 8LM, EV 89.4 MPH)
Batting: RHB Scipione Borghese 0-0: Called Strike
0-1: Ball
1-1: Ball
2-1: Ball
3-1: Base on Balls
Batting: LHB Robert Dawson 0-0: Fly out, F9 (Flyball, 9D, EV 84.4 MPH)
Batting: LHB Matt Mullen 0-0: Called Strike
0-1: Ball
1-1: Foul Ball, location: 2F
1-2: Strikes out swinging
Bottom of the 4th over - 0 runs, 0 hits, 0 errors, 1 left on base; Idaho Falls 1 - Kennesaw 1
TOP OF THE 5TH
Idaho Falls Chukars batting - Pitching for Kennesaw Jets : LHP Tim Tate
Batting: RHB Ted Murphy 0-0: Foul Ball, location: 2F
0-1: Swinging Strike
0-2: Ball
1-2: Ball
2-2: Fly out, F6 (Popup, 6D, EV 71.9 MPH)
Batting: SHB Lucky Foote 0-0: Fly out, F8 (Line Drive, 8RM, EV 91.2 MPH)
Batting: RHB Javier Botín 0-0: Ball
1-0: Foul Ball, location: 2F
1-1: Called Strike
1-2: Foul Ball, location: 2F
1-2: Ball
2-2: SINGLE (Line Drive, 7LS, EV 92.5 MPH)
Batting: RHB Vinnie Nuyten 0-0: Fly out, F7 (Flyball, 7, EV 95.0 MPH)
Top of the 5th over - 0 runs, 1 hit, 0 errors, 1 left on base; Idaho Falls 1 - Kennesaw 1
BOTTOM OF THE 5TH
Kennesaw Jets batting - Pitching for Idaho Falls Chukars : RHP Emerson Horton
Batting: RHB Cees Spaan 0-0: Ball
1-0: Ball
2-0: Ground out 4-3 (Groundball, 4, EV 85.0 MPH)
Batting: RHB Manuel Vallejo 0-0: Called Strike
0-1: Fly out, F9 (Flyball, 9, EV 90.0 MPH)
Batting: RHB Sasha Orlovsky 0-0: Ball
1-0: Foul Ball, location: 2F
1-1: Ball
2-1: Foul Ball, location: 2F
2-2: Ball
3-2: Fly out, F8 (Flyball, 8LM, EV 98.1 MPH)
Bottom of the 5th over - 0 runs, 0 hits, 0 errors, 0 left on base; Idaho Falls 1 - Kennesaw 1
TOP OF THE 6TH
Idaho Falls Chukars batting - Pitching for Kennesaw Jets : LHP Tim Tate
Batting: SHB Koryusai Ohayashi 0-0: SINGLE (Line Drive, 4D, EV 96.2 MPH)
Batting: LHB Doyle Berkey 0-0: Ball
1-0: Called Strike
1-1: Ball
2-1: SINGLE (Groundball, 4MD, EV 107.5 MPH)
Koryusai Ohayashi to second
Batting: RHB Poom Saksansin 0-0: Sac Bunt to P - play at first, batter OUT! 1-4
Koryusai Ohayashi to third
Doyle Berkey to second
Batting: LHB Josh Wiggins 0-0: Called Strike
0-1: Ball
1-1: Foul Ball, location: 2F
1-2: Foul Ball, location: 2F
1-2: Strikes out looking
Batting: RHB Jon Walker 0-0: Ball
1-0: Ball
2-0: Called Strike
2-1: Ball
3-1: Fly out, F8 (Flyball, 8LM, EV 95.0 MPH)
Top of the 6th over - 0 runs, 2 hits, 0 errors, 2 left on base; Idaho Falls 1 - Kennesaw 1
BOTTOM OF THE 6TH
Kennesaw Jets batting - Pitching for Idaho Falls Chukars : RHP Emerson Horton
Pitching: RHP Javier Soto
Batting: SHB Obke Preesman 0-0: Called Strike
0-1: Ball
1-1: SINGLE (Flyball, 78M, EV 96.9 MPH)
Batting: RHB Bras Castanheta 0-0: Ball
1-0: Foul Ball, location: 2F
1-1: Foul Ball, location: 2F
1-2: Strikes out swinging
Batting: RHB Andy Combs 0-0: Ball
1-0: Foul Ball, location: 2F
1-1: Fielders Choice at 2nd, 1-6 (Groundball, 34S, EV 84.4 MPH)
Batting: RHB Scipione Borghese 0-0: Ball
1-0: Swinging Strike
1-1: Called Strike
1-2: Ball
2-2: DOUBLE (Line Drive, 89D, EV 111.2 MPH)
Andy Combs to third
Runner from 3rd tries for Home, SAFE, throw by RF to home
Batting: LHB Robert Dawson 0-0: Intentional Walk
Batting: LHB Matt Mullen 0-0: Ball
1-0: Swinging Strike
1-1: Swinging Strike
1-2: Strikes out looking
Bottom of the 6th over - 1 run, 2 hits, 0 errors, 2 left on base; Idaho Falls 1 - Kennesaw 2
TOP OF THE 7TH
Idaho Falls Chukars batting - Pitching for Kennesaw Jets : LHP Tim Tate
Batting: RHB Ted Murphy 0-0: Swinging Strike
0-1: Foul Ball, location: 2F
0-2: Strikes out swinging
Batting: SHB Lucky Foote 0-0: Ball
1-0: Foul Ball, location: 2F
1-1: Swinging Strike
1-2: Ground out 6-3 (Groundball, 6M, EV 108.1 MPH)
Batting: RHB Javier Botín 0-0: Ball
1-0: Called Strike
1-1: SINGLE (Groundball, 5L, EV 95.0 MPH)
Batting: RHB Vinnie Nuyten 0-0: Ball
1-0: Fly out, F8 (Flyball, 78XD, EV 92.5 MPH)
Top of the 7th over - 0 runs, 1 hit, 0 errors, 1 left on base; Idaho Falls 1 - Kennesaw 2
BOTTOM OF THE 7TH
Kennesaw Jets batting - Pitching for Idaho Falls Chukars : RHP Javier Soto
Batting: RHB Cees Spaan 0-0: Called Strike
0-1: Swinging Strike
0-2: Strikes out looking
Batting: RHB Manuel Vallejo 0-0: Ball
1-0: Called Strike
1-1: Foul Ball, location: 2F
1-2: Fly out, F9 (Line Drive, 9, EV 110.0 MPH)
Batting: RHB Sasha Orlovsky 0-0: Swinging Strike
0-1: Swinging Strike
0-2: Ball
1-2: SINGLE (Groundball, 34, EV 106.9 MPH) (infield hit)
Batting: SHB Obke Preesman 0-0: Ball
1-0: Ball
2-0: Called Strike
2-1: Ball
3-1: Foul Ball, location: 2F
3-2: Base on Balls
Sasha Orlovsky to second
Batting: RHB Bras Castanheta 0-0: Foul Ball, location: 2F
0-1: Called Strike
0-2: Strikes out swinging
Bottom of the 7th over - 0 runs, 1 hit, 0 errors, 2 left on base; Idaho Falls 1 - Kennesaw 2
TOP OF THE 8TH
Idaho Falls Chukars batting - Pitching for Kennesaw Jets : LHP Tim Tate
Batting: SHB Koryusai Ohayashi 0-0: Called Strike
0-1: Foul Ball, location: 2F
0-2: Foul Ball, location: 2F
0-2: Fly out, F5 (Line Drive, 5, EV 60.6 MPH)
Pitching: LHP Wesley van Klaveren
Batting: LHB Doyle Berkey 0-0: Called Strike
0-1: Swinging Strike
0-2: Ball
1-2: Foul Ball, location: 2F
1-2: SOLO HOME RUN (Flyball, 89XD, EV 101.2 MPH), Distance : 424 ft
Batting: RHB Poom Saksansin 0-0: Ball
1-0: Called Strike
1-1: Ball
2-1: Ball
3-1: Called Strike
3-2: Strikes out swinging
Batting: LHB Josh Wiggins 0-0: Ball
1-0: Ball
2-0: Called Strike
2-1: Ball
3-1: Ground out 5-3 (Groundball, 56, EV 86.2 MPH)
Top of the 8th over - 1 run, 1 hit, 0 errors, 0 left on base; Idaho Falls 2 - Kennesaw 2
BOTTOM OF THE 8TH
Kennesaw Jets batting - Pitching for Idaho Falls Chukars : RHP Javier Soto
Batting: RHB Andy Combs 0-0: Called Strike
0-1: Ball
1-1: Swinging Strike
1-2: Strikes out swinging
Batting: RHB Scipione Borghese 0-0: Foul Ball, location: 2F
0-1: Foul Ball, location: 2F
0-2: Foul Ball, location: 2F
0-2: DOUBLE (Groundball, 5L, EV 106.2 MPH)
Batting: LHB Robert Dawson 0-0: Intentional Walk
Pitching: RHP Masao Myoga
Batting: LHB Matt Mullen 0-0: Ball
1-0: Ball
2-0: Fielders Choice at 2nd, U6 (Groundball, 4M, EV 81.9 MPH)
Scipione Borghese to third
Batting: RHB Cees Spaan 0-0: Fly out, F8 (Flyball, 8RM, EV 83.8 MPH)
Bottom of the 8th over - 0 runs, 1 hit, 0 errors, 2 left on base; Idaho Falls 2 - Kennesaw 2
TOP OF THE 9TH
Idaho Falls Chukars batting - Pitching for Kennesaw Jets : LHP Wesley van Klaveren
Pitching: RHP Okura Yamasaki
Pinch Hitting: LHB Emosi Whiu 0-0: Called Strike
0-1: Ball
1-1: Foul Ball, location: 2F
1-2: Strikes out swinging
Pinch Hitting: SHB Oscar Henson 0-0: Ball
1-0: Ground out 4-3 (Groundball, 4, EV 103.1 MPH)
Pinch Hitting: RHB Jon Hill 0-0: Called Strike
0-1: Ball
1-1: Foul Ball, location: 2F
1-2: SINGLE (Flyball, 7S, EV 86.2 MPH)
Pinch Hitting: SHB Joe Middleton 0-0: Ball
Jon Hill steals 2nd base
1-0: Ball
2-0: Ball
3-0: Called Strike
3-1: Foul Ball, location: 2F
3-2: Base on Balls
Batting: RHB Vinnie Nuyten 0-0: Ball
1-0: Foul Ball, location: 2F
1-1: Foul Ball, location: 2F
1-2: Strikes out swinging
Top of the 9th over - 0 runs, 1 hit, 0 errors, 2 left on base; Idaho Falls 2 - Kennesaw 2
BOTTOM OF THE 9TH
Kennesaw Jets batting - Pitching for Idaho Falls Chukars : RHP Masao Myoga
Now at C: Joe Middleton
Now at 1B: Emosi Whiu
Now at SS: Jon Hill
Now in LF: Oscar Henson
Batting: RHB Manuel Vallejo 0-0: Foul Ball, location: 2F
0-1: Swinging Strike
0-2: Ball
1-2: Ground out 5-3 (Groundball, 5S, EV 77.5 MPH)
Batting: RHB Sasha Orlovsky 0-0: Foul Ball, location: 2F
0-1: Called Strike
0-2: Ball
1-2: Strikes out swinging
Batting: SHB Obke Preesman 0-0: Called Strike
0-1: Foul Ball, location: 2F
0-2: Ball
1-2: Ball
2-2: SINGLE (Line Drive, 78S, EV 100.6 MPH)
Batting: RHB Bras Castanheta 0-0: Ball
1-0: Ball
2-0: Foul Ball, location: 2F
2-1: Swinging Strike
2-2: Strikes out swinging
Bottom of the 9th over - 0 runs, 1 hit, 0 errors, 1 left on base; Idaho Falls 2 - Kennesaw 2
TOP OF THE 10TH
Idaho Falls Chukars batting - Pitching for Kennesaw Jets : RHP Okura Yamasaki
Batting: SHB Koryusai Ohayashi 0-0: Ball
1-0: Ball
2-0: Called Strike
2-1: Swinging Strike
2-2: Foul Ball, location: 2F
2-2: Foul Ball, location: 2F
2-2: Foul Ball, location: 2F
2-2: Strikes out swinging
Batting: LHB Doyle Berkey 0-0: Ball
1-0: Called Strike
1-1: Called Strike
1-2: Strikes out swinging
Batting: RHB Poom Saksansin 0-0: Fly out, F7 (Flyball, 78D, EV 88.8 MPH)
Top of the 10th over - 0 runs, 0 hits, 0 errors, 0 left on base; Idaho Falls 2 - Kennesaw 2
BOTTOM OF THE 10TH
Kennesaw Jets batting - Pitching for Idaho Falls Chukars : RHP Masao Myoga
Batting: RHB Andy Combs 0-0: Ball
1-0: Called Strike
1-1: Ball
2-1: Ball
3-1: Base on Balls
Batting: RHB Scipione Borghese 0-0: Ball
1-0: Foul Ball, location: 2F
1-1: Foul Ball, location: 2F
1-2: Grounds into double play, 6-4-3 (Groundball, 6, EV 98.1 MPH)
Batting: LHB Robert Dawson 0-0: Called Strike
0-1: Ground out 1-3 (Groundball, 15S, EV 62.5 MPH)
Bottom of the 10th over - 0 runs, 0 hits, 0 errors, 0 left on base; Idaho Falls 2 - Kennesaw 2
TOP OF THE 11TH
Idaho Falls Chukars batting - Pitching for Kennesaw Jets : RHP Okura Yamasaki
Pitching: RHP José Salazar
Batting: LHB Josh Wiggins 0-0: Swinging Strike
0-1: Fly out, F7 (Flyball, 7S, EV 86.2 MPH)
Batting: LHB Emosi Whiu 0-0: Foul Ball, location: 2F
0-1: Ball
1-1: Foul Ball, location: 2F
1-2: Foul Ball, location: 2F
1-2: Foul Ball, location: 2F
1-2: DOUBLE (Flyball, 8LXD, EV 91.9 MPH)
Batting: SHB Oscar Henson 0-0: Called Strike
0-1: Swinging Strike
0-2: Ball
1-2: Ball
2-2: Foul Ball, location: 2F
2-2: Ground out U3 (Groundball, 3, EV 80.0 MPH)
Emosi Whiu to third
Batting: RHB Jon Hill 0-0: Ball
1-0: Called Strike
1-1: Called Strike
1-2: Ball
2-2: Ball
3-2: Foul Ball, location: 2F
3-2: Strikes out swinging
Top of the 11th over - 0 runs, 1 hit, 0 errors, 1 left on base; Idaho Falls 2 - Kennesaw 2
BOTTOM OF THE 11TH
Kennesaw Jets batting - Pitching for Idaho Falls Chukars : RHP Masao Myoga
Pinch Hitting: RHB Adam Wiltern 0-0: Fly out, F9 (Line Drive, 9, EV 101.9 MPH)
Pinch Hitting: RHB Brent Leroy 0-0: Ball
1-0: Swinging Strike
1-1: Ball
2-1: Foul Ball, location: 2F
2-2: Ground out 6-3 (Groundball, 6, EV 85.6 MPH)
Batting: RHB Manuel Vallejo 0-0: Ball
1-0: Ball
2-0: Ball
3-0: Called Strike
3-1: Swinging Strike
3-2: Base on Balls
Batting: RHB Sasha Orlovsky 0-0: Called Strike
Manuel Vallejo steals 2nd base
0-1: Fly out, F9 (Flyball, 89D, EV 91.9 MPH)
Bottom of the 11th over - 0 runs, 0 hits, 0 errors, 1 left on base; Idaho Falls 2 - Kennesaw 2
TOP OF THE 12TH
Idaho Falls Chukars batting - Pitching for Kennesaw Jets : RHP José Salazar
Now at C: Aleksandr Lelyuk
Now at 1B: Reynaldo Pérez
Batting: SHB Joe Middleton 0-0: Ball
1-0: Ball
2-0: Foul Ball, location: 2F
2-1: Ground out 4-3 (Groundball, 4, EV 87.5 MPH)
Batting: RHB Vinnie Nuyten 0-0: Ball
1-0: Swinging Strike
1-1: Ball
2-1: Foul Ball, location: 2F
2-2: Strikes out swinging
Batting: SHB Koryusai Ohayashi 0-0: Swinging Strike
0-1: Ball
1-1: Foul Ball, location: 2F
1-2: Ball
2-2: Foul Ball, location: 2F
2-2: Ball
3-2: Ground out 4-3 (Groundball, 34, EV 84.4 MPH)
Top of the 12th over - 0 runs, 0 hits, 0 errors, 0 left on base; Idaho Falls 2 - Kennesaw 2
BOTTOM OF THE 12TH
Kennesaw Jets batting - Pitching for Idaho Falls Chukars : RHP Masao Myoga
Batting: SHB Obke Preesman 0-0: Swinging Strike
0-1: Ball
1-1: Foul Ball, location: 2F
1-2: Strikes out swinging
Batting: RHB Bras Castanheta 0-0: Fly out, F8 (Line Drive, 8LD, EV 85.6 MPH)
Batting: RHB Andy Combs 0-0: Swinging Strike
0-1: Ball
1-1: SINGLE (Line Drive, 34D, EV 104.4 MPH)
Pitching: RHP José Gómez
Batting: RHB Scipione Borghese 0-0: Ball
1-0: Fly out, F8 (Flyball, 78S, EV 78.8 MPH)
Bottom of the 12th over - 0 runs, 1 hit, 0 errors, 1 left on base; Idaho Falls 2 - Kennesaw 2
TOP OF THE 13TH
Idaho Falls Chukars batting - Pitching for Kennesaw Jets : RHP José Salazar
Batting: LHB Doyle Berkey 0-0: Swinging Strike
0-1: Ball
1-1: SINGLE (Groundball, 56D, EV 95.0 MPH)
Pitching: RHP Pacho Hernández
Batting: RHB Poom Saksansin 0-0: Bunted foul
0-1: Ball
1-1: Bunted foul
1-2: Fly out, F9 (Flyball, 9LS, EV 91.2 MPH)
Batting: LHB Josh Wiggins 0-0: Called Strike
0-1: Foul Ball, location: 2F
0-2: Fly out, F9 (Flyball, 89XD, EV 96.2 MPH)
Batting: LHB Emosi Whiu 0-0: Ball
1-0: Ball
2-0: Ball
3-0: Called Strike
3-1: DOUBLE (Line Drive, 89M, EV 109.4 MPH)
Doyle Berkey to third
Runner from 3rd tries for Home, SAFE, no throw by RF
Batting: SHB Oscar Henson 0-0: Ground out 6-3 (Groundball, 6, EV 101.2 MPH)
Top of the 13th over - 1 run, 2 hits, 0 errors, 1 left on base; Idaho Falls 3 - Kennesaw 2
BOTTOM OF THE 13TH
Kennesaw Jets batting - Pitching for Idaho Falls Chukars : RHP José Gómez
Batting: LHB Robert Dawson 0-0: Ball
1-0: Called Strike
1-1: Called Strike
1-2: Ball
2-2: Strikes out swinging
Batting: LHB Reynaldo Pérez 0-0: SINGLE (Groundball, 6M, EV 103.1 MPH)
Pinch Hitting: RHB Troy Clark 0-0: Swinging Strike
0-1: Swinging Strike
0-2: Foul Ball, location: 2F
0-2: Strikes out looking
Batting: RHB Manuel Vallejo 0-0: Ball
1-0: Called Strike
1-1: Ball
2-1: Called Strike
2-2: Ground out 6-3 (Groundball, 56D, EV 100.0 MPH)
Bottom of the 13th over - 0 runs, 1 hit, 0 errors, 1 left on base; Idaho Falls 3 - Kennesaw 2
Friday, April 17th, 2020 - OOTP Baseball 20.8 Build 74